Map: [ESL] Oceanborn

Players

Spatz - Winner!

  • Race: Protoss Protoss
  • Spawn Location: 11:00

Gerald

  • Race: Protoss Protoss
  • Spawn Location: 5:00

Event: ESL SC2 Masters 2024 Spring (Regional)

VOD

Have the link to the VOD?

Description

Time

  • Played on: April 12, 2024, 1:37 p.m.
  • Length: 9:01

All games in this series

Show
View Real Time Build Order
Export as new Build Order

Spatz Protoss - Winner!

Build Orders:  

Get SALT Encoding   

  12  0:00  Probe  
  13  0:12  Probe  
  14  0:17  Pylon  
  14  0:24  Probe (Chrono Boost)  
  16  0:36  Probe (Chrono Boost), Gateway  
  16  0:43  Probe (Chrono Boost)  
  16  0:46  Assimilator  
  17  0:51  Probe  
  17  0:54  Assimilator  
  18  1:03  Probe (Chrono Boost)  
  19  1:08  Gateway  
  19  1:13  Probe (Chrono Boost)  
  19  1:18  Probe (Chrono Boost)  
  20  1:23  Cybernetics Core  
  21  1:29  Probe  
  22  1:34  Pylon  
  22  1:41  Probe  
  23  1:53  Probe  
  24  1:59  Adept  
  24  2:00  Warp Gate, Adept  
  28  2:01  Pylon  
  28  2:08  Probe  
  29  2:29  Adept  
  31  2:30  Adept  
  32  2:40  Robotics Facility  
  32  2:41  Gateway  
  32  2:43  Probe  
  33  2:55  Probe  
  34  2:59  Stalker  
  34  3:00  Stalker  
  38  3:06  Pylon  
  38  3:22  Shield Battery  
  38  3:23  Warp Prism (Chrono Boost)  
  40  3:48  Stalker x3  
  40  3:53  Observer  
  46  3:58  Pylon  
  43  4:17  Stalker x2  
  43  4:18  Stalker  
  49  4:40  Stalker x2  
  49  4:41  Stalker  
  49  4:43  Pylon  
  53  4:59  Immortal (Chrono Boost)  
  57  5:18  Sentry  
  59  5:25  Nexus  
  59  5:36  Immortal (Chrono Boost)  
  63  5:48  Pylon  
  62  6:09  Immortal (Chrono Boost)  
  60  6:13  Probe  
  60  6:14  Sentry  
  67  6:19  Sentry  
  69  6:26  Probe, Shield Battery  
  70  6:38  Stalker x2  
  74  6:51  Probe  
  74  6:52  Probe  
  74  7:08  Immortal (Chrono Boost), Probe  
  75  7:11  Assimilator  
  75  7:15  Twilight Council  
  79  7:24  Adept x3  
  69  7:49  Adept x2  
  69  7:50  Adept  
  67  7:51  Probe  
  67  7:55  Probe, Adept x3  
  67  7:58  Immortal  
  71  8:10  Probe  
  64  8:19  Adept  
  66  8:20  Adept x2  
  68  8:39  Probe  
  68  8:40  Probe  
  68  8:49  Adept x3  
Show
View Real Time Build Order
Export as new Build Order

Gerald Protoss 

Build Orders:  

Get SALT Encoding   

  12  0:00  Probe  
  13  0:12  Probe  
  14  0:17  Pylon  
  14  0:24  Probe (Chrono Boost)  
  16  0:37  Probe (Chrono Boost), Gateway  
  16  0:42  Probe (Chrono Boost)  
  16  0:45  Assimilator  
  17  0:51  Probe  
  17  0:56  Assimilator  
  18  1:03  Probe (Chrono Boost)  
  19  1:09  Gateway  
  19  1:13  Probe (Chrono Boost)  
  19  1:18  Probe (Chrono Boost)  
  20  1:24  Cybernetics Core  
  21  1:30  Probe  
  22  1:34  Pylon  
  22  1:42  Probe  
  23  1:54  Probe  
  23  2:01  Warp Gate (Chrono Boost), Stalker x2  
  24  2:06  Probe  
  29  2:17  Pylon  
  29  2:18  Pylon  
  29  2:22  Shield Battery  
  29  2:25  Probe  
  30  2:35  Stalker  
  32  2:37  Stalker  
  32  2:43  Shield Battery  
  34  2:52  Robotics Facility  
  34  3:03  Probe  
  35  3:15  Gateway  
  35  3:20  Pylon  
  35  3:37  Immortal (Chrono Boost)  
  38  3:45  Gateway  
  38  4:01  Stalker x2  
  40  4:09  Warp Prism  
  42  4:27  Nexus  
  42  4:31  Sentry  
  42  4:42  Pylon x2  
  42  5:00  Immortal (Chrono Boost)  
  42  5:05  Sentry  
  47  5:10  Pylon, Robotics Bay  
  47  5:28  Probe  
  48  5:31  Stalker x2  
  48  5:33  Pylon, Observer (Chrono Boost)  
  53  5:52  Probe  
  54  5:59  Disruptor (Chrono Boost)  
  54  6:02  Adept x2  
  62  6:04  Pylon  
  62  6:23  Pylon  
  62  6:28  Adept  
  62  6:31  Adept  
  62  6:32  Disruptor (Chrono Boost)  
  64  6:55  Adept x2  
  64  7:07  Probe  
  64  7:08  Disruptor  
  69  7:16  Nexus  
  69  7:20  Adept  
  71  7:33  Adept  
  50  7:48  Adept  
  50  7:49  Disruptor  
  48  7:56  Adept  
  39  8:20  Zealot  
  45  8:41  Gateway  
  38  8:54  Zealot  
Tags
 
Add a new tag
Caveats
  • Supply blocks, unpowered buildings, or Contaminate may cause inaccurate times.
  • Supply counts are checked every 10 seconds.